AoeStats
← Savitar1678

Arabia

510409856Analyzed
1v1 RM · 15h ago on Sep 30, 2026· 49m 44s· 2 players
Game mode
Random Map
Map size
Tiny (2 player)
Population
200
Speed
Normal
Resources
Standard
Victory
Conquest
Starting age
Dark Age
Ending age
Imperial Age
RankedLock teamsTeams togetherTeam positionsShared explorationLock speedFull tech treeHidden civsTurbo modeCheats
Victory
Defeat
🇺🇸 Khmer · United States
1031
+16
🇺🇸 Vikings · United States
1029
-16
flajj
9:57 Feudal Age
8:18 Loom
17:26 Double-Bit Axe
20:25 Fletching
25:08 Castle Age
24:36 Forging
24:28 Scale Mail Armor
27:05 Pikeman
31:48 Chain Mail Armor
33:17 Squires
39:37 Imperial Age
36:55 Town Watch
39:37 Bodkin Arrow
43:31 Plate Mail Armor
43:18 Forging
43:38 Conscription
43:38 Gold Mining
47:26 Light Cavalry
48:31 Scale Barding Armor
Savitar1678
7:59 Loom
10:06 Feudal Age
11:11 Double-Bit Axe
14:54 Horse Collar
15:58 Bloodlines
19:48 Castle Age
18:07 Gold Mining
18:56 Forging
19:07 Scale Barding Armor
21:30 Husbandry
22:42 Wheelbarrow
22:50 Bow Saw
23:06 Fletching
25:11 Chain Barding Armor
28:26 Town Watch
29:26 Iron Casting
33:22 Imperial Age
31:41 Hand Cart
33:35 Bodkin Arrow
33:52 Cavalier
35:38 Double Crossbow
37:25 Blast Furnace
37:03 Plate Barding Armor
37:23 Gold Shaft Mining
36:39 Stone Mining
37:44 Town Patrol
41:11 Tusk Swords
41:48 Hoardings
41:34 Conscription
41:26 Heavy Scorpion
43:51 Stone Shaft Mining
44:50 Chemistry
44:11 Ballistics
44:04 Masonry
43:55 Elite Battle Elephant
44:52 Bracer
49:10 Devotion
Connection lost

Rejoining the realm…

Still unreachable

The connection could not be restored.

Session expired

The server has moved on; the page needs a fresh start.